 Dungeon Crawl Stone Soup version 0.30-a0-965-g42e074c17a (webtiles) character file.

Game seed: 3125576805667969495

33 Sobieck the Trooper (level 3, 0/29 HPs)
             Began as a Mummy Berserker on Mar 30, 2023.
             Was a Believer of Trog.
             Slain by a gnoll
             ... wielding a +0 flail
              (6 damage)
             ... on level 1 of the Dungeon.
             The game lasted 00:02:01 (735 turns).

Sobieck the Trooper (Mummy Berserker)                Turns: 735, Time: 00:02:01

Health: 0/29       AC:  9    Str: 22    XL:     3   Next: 12%
Magic:  3/3        EV:  8    Int:  6    God:    Trog [**....]
Gold:   114        SH:  0    Dex: 11    Spells: 2/2 levels left

rFire   x . .      SeeInvis .    a - +0 hand axe {axe}
rCold   + . .      Faith    +    (no shield)
rNeg    + + +      Spirit   .    i - +0 chain mail {Will+}
rPois   ∞          Reflect  .    (no helmet)
rElec   .          Rampage  .    h - +0 cloak
rCorr   .                        (no gloves)
Will    +....                    (no boots) Stlth
                                 (no amulet)
HPRegen 0.24/turn                (no ring)
MPRegen 0.08/turn                (no ring)

@: no status effects
A: cold resistance 1, negative energy resistance 3, torment resistance 2, heat
vulnerability 1, in touch with death 1, no potions, faith
a: Renounce Religion, Trog's Hand


You were on level 1 of the Dungeon.
You worshipped Trog.
Trog was pleased with you.
You visited 1 branch of the dungeon, and saw 2 of its levels.

You collected 114 gold pieces.


Innate Abilities, Weirdness & Mutations

You are immune to poison.
Your flesh is cold resistant. (rC+)
You are immune to negative energy. (rN+++)
You are immune to unholy pain and torment.
You are vulnerable to heat. (rF-)
You are in touch with the powers of death.
You do not drink.
You have a special connection with the divine. (Faith)


   Skills:
 + Level 3.4 Fighting
 + Level 2.8 Axes
 + Level 2.1 Armour
 - Level 1.5 Dodging


You had 2 spell levels left.
You didn't know any spells.
Your spell library was empty.

Inventory:

Hand Weapons
 a - a +0 hand axe (weapon) {axe}
Missiles
 c - 8 stones (quivered) {throwing}
 e - 6 poisoned darts {throwing}
Armour
 b - a +0 animal skin
 d - a +0 leather armour
   (You found it on level 1 of the Dungeon)
 g - a +0 robe
   (You found it on level 1 of the Dungeon)
 h - a +0 cloak (worn)
   (You found it on level 1 of the Dungeon)
 i - a +0 chain mail of willpower (worn)
   (You found it on level 1 of the Dungeon)
Scrolls
 f - a scroll of teleportation {unknown}
 j - a scroll of identify {unknown}

Dungeon Overview and Level Annotations

Branches:
Dungeon (2/15) Zot: 11250

Altars:

...#..........#♣♣.'.#.#
...#...≈≈≈§...# ♣♣#♣#.#
...##################.#
##...)...........#....#
.#######.####.####.####
.# ##..# #.##...#
.#####..#####....###
...^.......###.g.########
######.###......@.......#
# ##..# #####..#######.#
####..######....# #.#
......###....##.# ##.#
..........#####.# #..#
.......#### #># #.##
......## #.# ##.# ......#
#.# #..# ......#
#.#####.##


You could see a gnoll.


Message History

You have reached level 3!
Your experience leads to an increase in your attributes!
Increase (S)trength, (I)ntelligence, or (D)exterity?
You feel stronger. x2
You feel more in touch with the powers of death.
You closely miss the rat. The rat barely misses you.
The rat twitches its whiskers.
The rat closely misses you.
You slash the rat!
You kill the rat!
Trog accepts your kill. The dart slug launches a dart at you.
The slug dart hits you but does no damage.
The dart slug bites you but does no damage.
You hit the dart slug.
The dart slug bites you but does no damage.
You hit the dart slug. You hit the dart slug.
The dart slug launches a dart at you. The slug dart misses you.
You hit the dart slug.
You kill the dart slug!
Trog accepts your kill.
No target in view!
Unknown command.
A rat comes into view.
Danger!
The rat barely misses you.
You hit the rat.
You kill the rat!
Trog accepts your kill.
No target in view!
Things that are here:
a +0 dagger {short}; a rat corpse; a goblin corpse You now have 114 gold pieces (gained 15).
Done exploring.
Done exploring.
(D) Dungeon
Where to? (? - help)
There is a stone staircase leading down here.
You climb downwards.
The gnoll shouts!
You hear a shout!
You hear an angry hiss.
You hear a shout!
There is a stone staircase leading up here.
A gnoll is nearby!
Danger!
Unknown command.
A gnoll and a ball python come into view.
The gnoll shouts!
The ball python hisses angrily.
Unknown command.
There is a stone staircase leading up here.
Unknown command.
A gnoll comes into view. It is wielding a +0 spear.
The gnoll shouts!
A gnoll comes into view. It is wielding a +0 club.
The gnoll closely misses you.
There is a stone staircase leading up here.
Unknown command.
You climb upwards.
There is a stone staircase leading down here.
Unknown command.
Unknown command.
Unknown command.
You climb downwards.
The gnoll hits you but does no damage.
The ball python bites you but does no damage.
The ball python barely misses you.
There is a stone staircase leading up here.
Danger!
Unknown command.
The gnoll hits you but does no damage. The gnoll hits you with a +0 flail!
The ball python bites you but does no damage.
The ball python barely misses you.
You climb upwards.
There is a stone staircase leading down here.
Unknown command.
You hit the gnoll. You closely miss the ball python.
The ball python bites you but does no damage.
The ball python grabs you. The ball python constricts you.
The gnoll hits you with a +0 flail.
Okay, then.
Unknown command.
Unknown command.
You hit the ball python. You hit the gnoll but do no damage.
The ball python bites you but does no damage.
The ball python constricts you. The gnoll hits you but does no damage.
The ball python bites you but does no damage.
The ball python constricts you.
Unknown command.
You hit the ball python.
You kill the ball python!
Trog accepts your kill.
You hit the gnoll but do no damage. The gnoll hits you with a +0 flail.
* * * LOW HITPOINT WARNING * * *
Unknown command.
You closely miss the gnoll. The gnoll hits you with a +0 flail.
* * * LOW HITPOINT WARNING * * *
The gnoll hits you with a +0 flail.
* * * LOW HITPOINT WARNING * * *
Unknown command.
You slash the gnoll! The gnoll closely misses you.
You hit the gnoll. The gnoll hits you with a +0 flail.
You die...

Skill      XL: |  1  2 |
---------------+-------+-----
Armour         | 2 |  2.1
Fighting       | |  3.4
Axes           | |  2.8
Dodging        | |  1.5

Action                     || total
---------------------------++-------
  Melee: Hand axe          ||    77
         Punch             ||     1
 Armour: Leather armour    ||    19
         Chain mail        ||    16
  Dodge: Dodged            ||    37

Levels and vault maps discovered:
D:1:      scummos_arrival_gate, layout_rooms, minmay_split_cup_small
D:2:      layout_loops_corners, serial_shops, nicolae_shop_behind_doors,
          uniq_terence, uniq_natasha

Notes
Turn   | Place    | Note
-------+----------+-------------------------------------------
     0 | D:1      | Sobieck the Mummy Berserker began the quest for the Orb.
     0 | D:1      | Reached XP level 1. HP: 18/18 MP: 1/1
   132 | D:1      | Reached XP level 2. HP: 16/24 MP: 2/2
   271 | D:1      | Reached skill level 2 in Armour
   342 | D:1      | Reached ** piety under Trog
   676 | D:1      | Gained mutation: You are in touch with the powers of death.
                  | [Mummy growth]
   676 | D:1      | Reached XP level 3. HP: 29/29 MP: 3/3
   733 | D:1      | HP: 6/29 [gnoll/+0 flail (3)]
   735 | D:1      | Slain by a gnoll

Vanquished Creatures
  2 dart slugs (D:1)
  4 ball pythons (D:1)
  A bat (D:1)
  2 endoplasms (D:1)
  6 goblins (D:1)
  3 jackals (D:1)
  A quokka (D:1)
  2 frilled lizards (D:1)
  A kobold (D:1)
  4 rats (D:1)
26 creatures vanquished.

Table legend:
 A = Non-vault XP
 B = Vault XP
 C = Vault XP percentage of total XP
 D = Non-vault monster count
 E = Vault monster count
 F = Vault count percentage of total count
                 A         B        C        D         E       F
            +---------+---------+-------+---------+---------+-------
      Total |      44 |       4 |   8.3 |      23 |       3 |  11.5
            +---------+---------+-------+---------+---------+-------
        D:1 |      44 |       4 |   8.3 |      23 |       3 |  11.5
            +---------+---------+-------+---------+---------+-------

Illustrated notes

Table legend:
 A = Kills in this place as a percentage of kills in the entire game.
 B = Kills by you in this place as a percentage of kills by you in the entire game.
 C = Kills by friends in this place as a percentage of kills by friends in the entire game.
 D = Other kills in this place as a percentage of other kills in the entire game.
 E = Experience gained in this place as a percentage of experience gained in the entire game.
 F = Experience gained in this place divided by the number of levels of this place that you have seen.
                   A       B       C       D       E      F
               +-------+-------+-------+-------+-------+----------------------
         Total | 100.0 | 100.0 |   N/A |   N/A | 100.0 |  24.0
       Dungeon | 100.0 | 100.0 |   N/A |   N/A | 100.0 |  24.0
               +-------+-------+-------+-------+-------+----------------------

Table legend: (Time is in decaauts)
 A = Elapsed time spent in this place.
 B = Non-inter-level travel time spent in this place.
 C = Inter-level travel time spent in this place.
 D = Time resting spent in this place.
 E = Time spent auto-exploring this place.
 F = Levels seen in this place.
 G = Mean time per level.
                   A        B        C        D        E       F      G
               +--------+--------+--------+--------+--------+-----+--------+
         Total |    748 |    738 |     10 |     73 |    450 |   2 |  374.0 |
       Dungeon |    748 |    738 |     10 |     73 |    450 |   2 |  374.0 |
               +--------+--------+--------+--------+--------+-----+--------+

Top non-repeatable levels by time:
     D:1: 740 daAuts
     D:2: 8 daAuts
